 Dungeon Crawl Stone Soup version 0.29-a0-506-ga2e7fffb44 (webtiles) character file.

Game seed: 8908532278034557980

2235 jifgo the Magician (level 9, -18/68 HPs)
             Began as a Mummy Hedge Wizard on May 29, 2022.
             Was a Follower of Vehumet.
             Demolished by a gargoyle
             ... wielding a +0 mace
              (19 damage)
             ... in a bailey.
             The game lasted 00:54:14 (14301 turns).

jifgo the Magician (Mummy Hedge Wizard)            Turns: 14301, Time: 00:54:15

Health: -18/68     AC:  5    Str: 25    XL:     9   Next: 14%
Magic:  12/20      EV: 12    Int: 17    God:    Vehumet [*.....]
Gold:   140        SH:  0    Dex: 12    Spells: 5/23 levels left

rFire   x . .      SeeInvis .   m - +0 dagger (speed)
rCold   + . .      Faith    .   (no shield)
rNeg    + + +      Spirit   .   b - +0 robe
rPois   ∞          Reflect  .   c - +0 hat
rElec   .          Harm     .   r - +0 cloak
rCorr   .          Rampage  .   w - +0 pair of gloves
Will    +....                   o - +0 pair of boots
Stlth   ++........              d - amulet of the acrobat
HPRegen 0.21/turn               f - +6 ring of strength
MPRegen 0.17/turn               y - +6 ring of strength

@: no status effects
A: cold resistance 1, negative energy resistance 3, torment resistance 2, heat
vulnerability 1, in touch with death 1, no potions
a: Renounce Religion


You were in a bailey.
You worshipped Vehumet.
Vehumet was aware of your devotion.
You visited 2 branches of the dungeon, and saw 8 of its levels.
You also visited: Bailey.

You collected 285 gold pieces.
You spent 145 gold pieces at shops.

Inventory:

Hand Weapons
 e - a +0 whip
 m - a +0 dagger of speed (weapon)
 v - a +0 dagger of venom
Missiles
 h - 3 javelins
 i - 6 datura-tipped darts (quivered)
 B - 3 poisoned darts
Armour
 b - a +0 robe (worn)
 c - a +0 hat (worn)
 k - the +0 buckler of Charity {Int+4}
   (You found it on level 3 of the Dungeon)

   Int:       It affects your intelligence (+4).
 o - a +0 pair of boots (worn)
 r - a +0 cloak (worn)
 w - a +0 pair of gloves (worn)
Magical Staves
 p - a staff of conjuration
Jewellery
 d - an amulet of the acrobat (around neck)
 f - a +6 ring of strength (left hand)
 j - an amulet of guardian spirit
 y - a +6 ring of strength (right hand)
Wands
 A - a wand of iceblast (9)
Scrolls
 a - 2 scrolls of brand weapon
 g - 3 scrolls of fear
 l - a scroll of blinking
 n - 3 scrolls of enchant weapon
 q - a scroll of fog
 s - a scroll of teleportation
 t - a scroll of vulnerability
 u - a scroll of identify
 x - a scroll of enchant armour


   Skills:
 + Level 5.1 Fighting
 - Level 1.5 Dodging
 - Level 1.5 Stealth
 + Level 3.8 Shields
 + Level 7.5 Spellcasting
 - Level 3.1 Conjurations
 + Level 3.0 Summonings
 - Level 0.7 Translocations
 + Level 3.8 Ice Magic
 - Level 2.0 Air Magic
 - Level 2.0 Poison Magic


You had 5 spell levels left.
You knew the following spells:

 Your Spells              Type           Power      Damage    Failure   Level
a - Frozen Ramparts       Ice            38%        1d5       7%          3
b - Blink                 Tloc           16%        N/A       12%         2
c - Call Imp              Summ           16%        N/A       4%          2
d - Mephitic Cloud        Conj/Pois/Air  14%        N/A       12%         3
e - Summon Ice Beast      Ice/Summ       18%        N/A       26%         4
f - Conjure Flame         Conj/Fire      11%        6-21      17%         3
x - Magic Dart            Conj           68%        1d6       3%          1

Your spell library contained the following spells:

 Spells                   Type           Power      Damage    Failure   Level
 Shock                    Conj/Air       60%        1d6       3%          1
 Slow                     Hex            24%        N/A       11%         1
 Ice Form                 Ice/Tmut       Unusable   N/A       N/A         4

Dungeon Overview and Level Annotations

Branches:
Dungeon (7/15)             Temple (1/1) D:6          Bailey (1/1)

Altars:
Ashenzari
Cheibriados
Dithmenos
Elyvilon
Fedhas
Gozag
Hepliaklqana
Kikubaaqudgha
Makhleb
Nemelex Xobeh
Okawaru
Qazlal
Ru
Sif Muna
Trog
Uskayaw
Vehumet
Wu Jian
Xom
Yredelemnul
Zin
The Shining One

Shops:
D:4 **


Innate Abilities, Weirdness & Mutations

You are immune to poison.
Your flesh is cold resistant. (rC+)
You are immune to negative energy. (rN+++)
You are immune to unholy pain and torment.
You are vulnerable to heat. (rF-)
You are in touch with the powers of death.
You do not drink.


Message History

Your shadow imp hits the gargoyle but does no damage.
Unknown command.
You can't drink.
Okay, then.
Your shadow imp completely misses the gargoyle.
The gargoyle closely misses you.
Unknown command.
Aiming: Corrosive Bolt
Press: ? - help, Shift-Dir - straight line, f/p - gargoyle
Aim: a gargoyle, wielding a +0 mace (ally target, 86% to hit)
The bolt of acid hits the gargoyle!
The gargoyle is heavily damaged.
The now-empty wand crumbles to dust.
Your ice beast barely misses the gargoyle.
Your shadow imp hits the gargoyle but does no damage.
The gargoyle hits you with a +0 mace.
* * * LOW HITPOINT WARNING * * *
Unknown command.
Casting: Magic Dart (safe; 3% risk of failure)
Confirm with . or Enter, or press ? or * to list all spells.
Aiming: Magic Dart (safe; 3% risk of failure)
Press: ? - help, Shift-Dir - straight line, f/p - gargoyle
Aim: a gargoyle, wielding a +0 mace (heavily damaged, ally target, 100% to hit)
The magic dart hits the gargoyle but does no damage.
The gargoyle is heavily damaged.
Your ice beast hits the gargoyle but does no damage.
Your shadow imp hits the gargoyle but does no damage.
The gargoyle hits you with a +0 mace!
* * * LOW HITPOINT WARNING * * *
Casting: Magic Dart (safe; 3% risk of failure)
Confirm with . or Enter, or press ? or * to list all spells.
Aiming: Magic Dart (safe; 3% risk of failure)
Press: ? - help, Shift-Dir - straight line, f/p - gargoyle
Aim: a gargoyle, wielding a +0 mace (moderately damaged, ally target, 100% to hit)
The magic dart hits the gargoyle but does no damage.
The gargoyle is moderately damaged.
Your ice beast hits the gargoyle but does no damage.
Your shadow imp barely misses the gargoyle.
The gargoyle hits you with a +0 mace!!
You die...

#....)......#.÷÷#
#...........#.÷!#
#...........#####
####...#........#
+....####.......#
+...##..##.....8#
#...#....########
#....9Y........
#...@.5#.......
#8....##...##++
####### ..## 9##
.# ##


You could see a gargoyle (ally target), a friendly ice beast (summoned) and a
friendly shadow imp (summoned).

Vanquished Creatures
  Eustachio (D:5)
  An orc warrior (D:4)
  A phantom (D:4)
  2 scorpions (D:6)
  6 wights
  3 wolf zombies (Bailey)
  2 hounds
  4 jellies (D:6)
  An iguana (D:5)
  3 orc wizards
  4 orc zombies (Bailey)
  4 adders
  A shadow imp (D:6)
  2 white imps (D:6)
  3 ufetubi
  2 worms (D:2)
  2 dart slugs
  14 orcs
  3 ball pythons (D:2)
  4 endoplasms
  5 hobgoblins
  6 quokkas
  4 bats
  3 frilled lizards
  14 goblins
  2 rats
97 creatures vanquished.

Vanquished Creatures (collateral kills)
  Menkaure (D:4)
  2 black bears
  An ogre (D:4)
  Blork the orc (D:5)
  A necrophage (D:6)
  2 scorpions
  2 wights (D:6)
  2 howler monkeys (D:7)
  A hound (D:6)
  A gnoll shaman (D:6)
  An iguana (D:6)
  Robin (D:2)
  2 gnolls (D:2)
  An adder (D:5)
  A shadow imp (D:6)
  2 orcs
  2 endoplasms (D:2)
  7 goblins
  3 quokkas (D:2)
  A frilled lizard (D:2)
  7 orc zombies (Bailey)
42 creatures vanquished.

Vanquished Creatures (others)
  46 plants (D:2)
46 creatures vanquished.

Grand Total: 185 creatures vanquished

Notes
Turn   | Place    | Note
-------+----------+-------------------------------------------
     0 | D:1      | jifgo the Mummy Hedge Wizard began the quest for the Orb.
     0 | D:1      | Reached XP level 1. HP: 13/13 MP: 5/5
   232 | D:1      | Reached skill level 1 in Conjurations
   308 | D:1      | Reached XP level 2. HP: 10/20 MP: 1/7
   470 | D:1      | Learned a level 2 spell: Call Imp
   663 | D:1      | Found a faded altar of an unknown god.
   693 | D:1      | Reached skill level 1 in Fighting
  1077 | D:2      | Learned a level 2 spell: Blink
  1289 | D:2      | Gained mutation: You are in touch with the powers of death.
                  | [Mummy growth]
  1289 | D:2      | Reached XP level 3. HP: 26/26 MP: 5/8
  1669 | D:2      | You fall into a shaft and drop 1 floor!
  1701 | D:3      | Noticed a black bear
  1739 | D:3      | Identified the +0 buckler of Charity {Int+4}
  1866 | D:2      | Learned a level 3 spell: Mephitic Cloud
  2350 | D:2      | Learned a level 3 spell: Frozen Ramparts
  2435 | D:2      | Reached skill level 1 in Summonings
  2608 | D:2      | Noticed Robin
  2851 | D:2      | Reached XP level 4. HP: 33/33 MP: 4/10
  3323 | D:2      | Killed Robin
  4254 | D:4      | Noticed Menkaure
  4617 | D:3      | Killed a black bear
  4618 | D:3      | Reached skill level 1 in Shields
  4618 | D:3      | Reached skill level 5 in Spellcasting
  4618 | D:3      | Reached XP level 5. HP: 38/38 MP: 8/12
  4881 | D:3      | Reached skill level 1 in Ice Magic
  4881 | D:3      | Reached skill level 1 in Air Magic
  4881 | D:3      | Reached skill level 1 in Poison Magic
  5260 | D:4      | Noticed a phantom
  5305 | D:4      | Killed Menkaure
  5306 | D:4      | Reached XP level 6. HP: 46/46 MP: 5/13
  5957 | D:4      | Noticed an orc warrior
  6042 | D:4      | Killed an orc warrior
  6043 | D:4      | Reached XP level 7. HP: 39/52 MP: 9/15
  6214 | D:4      | Found Utsinnecs's General Store.
  6216 | D:4      | Found Xaebuvyll's Specific Store.
  6223 | D:4      | Bought a scroll of teleportation for 30 gold pieces
  6223 | D:4      | Bought a scroll of vulnerability for 75 gold pieces
  6231 | D:4      | Bought 2 scrolls of identify for 40 gold pieces
  6266 | D:5      | Entered Level 5 of the Dungeon
  6267 | D:5      | Noticed Blork the orc
  6719 | D:5      | Killed Blork the orc
  7162 | D:5      | Reached skill level 6 in Spellcasting
  7472 | D:4      | Learned a level 4 spell: Summon Ice Beast
  7568 | D:5      | Noticed Eustachio
  7704 | D:5      | Found a sacrificial altar of Ru.
  7704 | D:5      | Found a shimmering blue altar of Sif Muna.
  7938 | D:5      | Reached XP level 8. HP: 60/60 MP: 7/17
  8550 | D:5      | Killed Eustachio
 10640 | D:3      | Learned a level 3 spell: Conjure Flame
 10798 | D:5      | Noticed a nameless horror
 11130 | D:6      | Found a staircase to the Ecumenical Temple.
 11139 | Temple   | Entered the Ecumenical Temple
 11569 | Temple   | Became a worshipper of Vehumet
 12112 | D:6      | Reached skill level 7 in Spellcasting
 13339 | D:6      | Reached * piety under Vehumet
 13339 | D:6      | Offered knowledge of Shock by Vehumet.
 13340 | D:6      | Reached skill level 5 in Fighting
 13340 | D:6      | Reached XP level 9. HP: 54/68 MP: 0/20
 13562 | D:7      | Found a flagged portal.
 13601 | Bailey   | Entered a bailey
 14287 | Bailey   | Noticed a gargoyle
 14300 | Bailey   | HP: 1/68 [gargoyle/+0 mace (14)]
 14301 | Bailey   | Demolished by a gargoyle

Illustrated notes

Levels and vault maps discovered:
D:1:      doesnt_arrival_eight_statues, layout_basic,
          hellmonk_ecumenical_altar_blasted
D:2:      wad_woods_tower, layout_rooms, st_stairs_8, grunt_decor_clamped,
          kennysheep_generic_room_5, uniq_robin
D:3:      layout_basic
D:4:      layout_basic, nicolae_specific_store, uniq_menkaure
D:5:      layout_basic, gammafunk_temple_overflow_statue, uniq_blork_the_orc,
          uniq_eustachio
D:6:      layout_gridville, minmay_temple_entry_tees, grunt_ministairs_6,
          minmay_fountain_box, hangedman_minor_gate_pass
D:7:      layout_gridville, enter_ossuary_4, enter_bailey_3, kennysheep_boxes
Temple:   mainiacjoe_temple_big_plus
Bailey:   bailey_polearm_vampire_castle_hellmonk, bailey

Skill      XL: |  1  2  3  4  5  6  7  8  9 |
---------------+----------------------------+-----
Conjurations   | 1 2 3 |  3.1
Fighting       | 1 2 3 5 |  5.1
Summonings     | 1 2 3 |  3.0
Shields        | 1 2 3 |  3.8
Spellcasting   | 5 6 7 |  7.5
Ice Magic      | 1 2 3 |  3.8
Air Magic      | 1 2 |  2.0
Poison Magic   | 1 2 |  2.0
Dodging        | |  1.5
Stealth        | |  1.5
Translocations | |  0.7

Action                   |  1- 3 |  4- 6 |  7- 9 || total
-------------------------+-------+-------+-------++-------
Melee: Whip              |    33 |       |       ||    33
       Dagger            |       |    73 |   132 ||   205
       Punch             |       |       |     1 ||     1
Throw: Javelin           |       |     6 |     4 ||    10
       Dart              |       |       |     1 ||     1
 Cast: Magic Dart        |   109 |    69 |   240 ||   418
       Call Imp          |    10 |    32 |    45 ||    87
       Blink             |     1 |       |     6 ||     7
       Mephitic Cloud    |       |     4 |    16 ||    20
       Summon Ice Beast  |       |       |    19 ||    19
       Frozen Ramparts   |       |       |    10 ||    10
       Conjure Flame     |       |       |     1 ||     1
Evoke: Wand              |       |       |    11 ||    11
  Use: Scroll            |       |     5 |     2 ||     7
 Stab: Confused          |       |     2 |     5 ||     7
       Sleeping          |       |       |     1 ||     1
Armor: Robe              |     5 |    12 |    34 ||    51
Dodge: Dodged            |    67 |    58 |   208 ||   333

Table legend: (Time is in decaauts)
 A = Elapsed time spent in this place.
 B = Non-inter-level travel time spent in this place.
 C = Inter-level travel time spent in this place.
 D = Time resting spent in this place.
 E = Time spent auto-exploring this place.
 F = Levels seen in this place.
 G = Mean time per level.
                   A        B        C        D        E       F      G
               +--------+--------+--------+--------+--------+-----+--------+
         Total |  14263 |  13235 |   1028 |   6368 |   3535 |   9 | 1584.8 |
       Dungeon |  13108 |  12144 |    964 |   5904 |   3109 |   7 | 1872.6 |
        Temple |    460 |    396 |     64 |      0 |    389 |   1 |  460.0 |
        Bailey |    694 |    694 |      0 |    464 |     37 |   1 |  694.0 |
               +--------+--------+--------+--------+--------+-----+--------+

Top non-repeatable levels by time:
     D:5: 3006 daAuts
     D:2: 2968 daAuts
     D:4: 2706 daAuts
     D:6: 1797 daAuts
     D:3: 1415 daAuts
     D:1: 1081 daAuts
  Bailey: 694 daAuts
  Temple: 460 daAuts
     D:7: 132 daAuts
